 Dungeon Crawl Stone Soup version 0.32-a0-900-g30fb1b0edc (webtiles) character file.

Game seed: 12276874666682071998

16528 Konar the Skirmisher (level 12, -3/78 HPs)
             Began as a Coglin Hunter on Apr 5, 2024.
             Was a High Priest of Okawaru.
             Slain by a wolf simulacrum (9 damage)
             ... in a Gauntlet.
             The game lasted 00:13:59 (11034 turns).

Konar the Skirmisher (Coglin Hunter)               Turns: 11034, Time: 00:14:00

Health: -3/78      AC:  7    Str: 12    XL:     12   Next: 38%
Magic:  18/18      EV: 15    Int:  9    God:    Okawaru [*****.]
Gold:   1012       SH:  0    Dex: 22    Spells: 11/11 levels left

rFire   . . .        a - +5 sling (heavy) {Etelvina}
rCold   . . .        d - +0 sling {Jacinta}
rNeg    . . .        f - +0 acid dragon scales
rPois   .            l - melded +1 helmet
rElec   .            i - melded +0 cloak
rCorr   +            (gloves currently unavailable)
SInv    .            (boots currently unavailable)
Will    .....        (amulet unavailable)
Stlth   +++          (ring unavailable)
HPRegen 0.33/turn    (ring unavailable)
MPRegen 0.16/turn    (no gizmo)

%: no teleportation
@: beast-form, heroic, revved
A: beast (slay +4), off-hand wielding, slow wielding, warmup strikes, no
jewellery
a: Invent Gizmo, Begin Untransformation, Renounce Religion, Heroism, Finesse,
Duel


You were in a Gauntlet.
You worshipped Okawaru.
Okawaru was extremely pleased with you.
You were a hulking beast.
You visited 3 branches of the dungeon, and saw 14 of its levels.
You also visited: Gauntlet.

You collected 1012 gold pieces.

Inventory:

Hand Weapons
 a - a +5 heavy sling (weapon) {Etelvina}
 d - a +0 sling (offhand) {Jacinta}
Missiles
 v - 8 curare-tipped darts
 B - 6 atropa-tipped darts
 D - 3 throwing nets
Armour
 c - a +0 leather armour
 f - +0 acid dragon scales (worn)
 i - a +0 cloak (melded)
 l - a +1 helmet (melded)
 m - a +2 robe of fire resistance
 w - a +1 pair of boots
Talismans
 o - a beast talisman (active)
Wands
 j - a wand of roots (18)
 r - a wand of charming (3)
 x - a wand of acid (8)
 y - a wand of mindburst (20)
Scrolls
 b - 2 scrolls of butterflies
 e - 3 scrolls of teleportation
 p - 3 scrolls of vulnerability
 q - a scroll of amnesia
 u - a scroll of blinking
 A - a scroll of fog
 E - 3 scrolls of immolation
Potions
 g - a potion of attraction
 h - a potion of resistance
 k - 3 potions of lignification
 s - 2 potions of enlightenment
 t - 2 potions of brilliance
 z - a potion of magic
 C - a potion of ambrosia


   Skills:
 - Level 2.0(7.0) Fighting
 - Level 14.0(19.0) Ranged Weapons
 - Level 1.7(6.7) Dodging
 - Level 0.7(5.7) Stealth
 + Level 8.9 Invocations
 - Level 7.0 Shapeshifting


You had 11 spell levels left.
You didn't know any spells.
Your spell library contained the following spells:

 Spells                   Type           Power      Damage    Failure   Level
 Magic Dart               Conj           0%         1d3       52%         1
 Necrotise                Necr           0%         1d4       52%         1
 Shock                    Conj/Air       0%         1d3       52%         1
 Ensorcelled Hibernation  Hex/Ice        0%         N/A       65%         2
 Lesser Beckoning         Tloc           0%         N/A       65%         2
 Fugue of the Fallen      Necr           0%         N/A       87%         3
 Inner Flame              Hex/Fire       0%         N/A       87%         3
 Maxwell's Portable Pile  Tloc           0%         2d(5-13)  87%         3
 Swiftness                Air            0%         N/A       87%         3
 Teleport Other           Tloc           0%         N/A       87%         3
 Vampiric Draining        Necr           0%         2d6       87%         3
 Anguish                  Hex/Necr       0%         N/A       99%         4
 Passage of Golubria      Tloc           0%         N/A       99%         4
 Petrify                  Alch/Erth      0%         N/A       99%         4
 Curse of Agony           Necr           0%         N/A       100%        5
 Irradiate                Conj/Alch      0%         3d11      100%        5
 Silence                  Hex/Air        0%         N/A       100%        5
 Yara's Violent Unravell  Hex/Alch       0%         3d3       100%        5
 Ignition                 Fire           0%         3d3       100%        8
 Lehudib's Crystal Spear  Conj/Erth      0%         10d2      100%        8
 Chain Lightning          Conj/Air       0%         N/A       100%        9
 Tukima's Dance           Hex            Unusable   N/A       N/A         3
 Martyr's Knell           Necr/Summ      Unusable   N/A       N/A         4

Dungeon Overview and Level Annotations

Branches:
Dungeon (12/15)            Temple (1/1) D:7            Lair (1/5) D:10
    Orc (0/2) D:9         Gauntlet (1/1)

Altars:
Ashenzari
Cheibriados
Dithmenos
Elyvilon
Fedhas
Gozag
Hepliaklqana
Kikubaaqudgha
Makhleb
Nemelex Xobeh
Okawaru
Qazlal
Ru
Sif Muna
Trog
Uskayaw
Vehumet
Wu Jian
Xom
Yredelemnul
Zin
The Shining One

Shops:
D:3 :   D:8 :

Portals:
Trove: D:11 (give +4 ice dragon scales)

Annotations:
D:6 1 runed translucent door, Crazy Yiuf
D:9 1 runed translucent door, Killmatronix's ghost, novice TrMo
D:11 3 runed translucent doors, Konar's ghost, journeyman CoHu Gauntlet 11 transporters


Innate Abilities, Weirdness & Mutations

You are a hulking beast.
Your limbs bulge with bestial killing power. (Slay +4)
You can wield a second weapon in your off-hand.
It takes a long time for you to wield or remove held weapons.
Your first few attacks do less damage.
You cannot equip rings or amulets.


Message History

* * * LOW HITPOINT WARNING * * *
You feel better. The wolf bites you but does no damage.
You shoot a sling bullet. The sling bullet hits the wolf.
You kill the wolf!
Okawaru accepts your kill.
You shoot a sling bullet.
A freezing mist starts to gather...
A wolf simulacrum comes into view.
You shoot a sling bullet.
The sling bullet closely misses the wolf simulacrum.
You shoot a sling bullet.
The sling bullet hits the wolf simulacrum!
The wolf simulacrum is almost destroyed.
The wolf simulacrum misses you. The wolf simulacrum bites you.
* * * LOW HITPOINT WARNING * * *
The wolf simulacrum freezes you!
* * * LOW HITPOINT WARNING * * *
The wolf simulacrum bites you but does no damage.
You shoot a sling bullet.
The sling bullet hits the wolf simulacrum!
The wolf simulacrum vaporises!
You shoot a sling bullet. The wolf simulacrum barely misses you.
You shoot a sling bullet.
The sling bullet barely misses the wolf simulacrum.
You shoot a sling bullet.
The sling bullet hits the wolf simulacrum but does no damage.
The wolf simulacrum closely misses you.
The wolf simulacrum completely misses you.
You shoot a sling bullet.
The sling bullet hits the wolf simulacrum but does no damage.
You shoot a sling bullet.
The sling bullet hits the wolf simulacrum!
The wolf simulacrum is severely damaged.
The wolf simulacrum bites you.
* * * LOW HITPOINT WARNING * * *
The wolf simulacrum freezes you!
* * * LOW HITPOINT WARNING * * *
You feel better. The wolf simulacrum bites you.
* * * LOW HITPOINT WARNING * * *
The wolf simulacrum freezes you!
You die...

#≈≈.#########.≈≈
##≈.#ß..©#....≈#
##.#©...#.ß..##
##≈.#ß..©#....≈#
#≈≈.#########.≈≈
##≈.#h......#.≈#
##.#.##Z.#.#.##
##≈.#.##Z...#.≈#
#≈≈.#.°h###.#.≈≈
##≈.#...###.#.≈#
## ##.#...###
#.##
##≈###..#..:©?.
#≈≈≈#...#######
#...#...#ß..©#..
#...#.ß.#©...#.ß
#.ß.#.⌠.#ß..©#.
#.©.#.ß.#######


You could see 2 wolf simulacra.

Vanquished Creatures
  Harold (D:11)
  4 two-headed ogres
  Urug (D:11)
  Lodul (D:11)
  2 necromancers (Gauntlet)
  A manticore (D:12)
  Maurice (D:8)
  2 gargoyles
  A troll (D:10)
  2 wraiths
  25 yaks
  2 shadows (D:11)
  A wyvern (D:11)
  A water elemental (D:11)
  2 steam dragons
  An acid dragon (D:11)
  Duvessa (D:5)
  The ghost of picklenugget the Grasshopper, an amateur OnWr (D:4)
  5 orc warriors
  A sky beast (D:8)
  2 black bears
  8 ogres (D:11)
  13 wolves
  2 centaurs
  2 phantoms
  3 kobold brigands
  5 bullfrogs
  A gnoll sergeant (D:6)
  3 scorpions
  Dowan (D:5)
  3 killer bees (D:7)
  4 electric eels (D:11)
  3 howler monkeys (D:10)
  4 jellies
  3 orc priests
  2 bombardier beetles
  3 hounds
  A sleepcap (D:5)
  Ijyb (D:4)
  6 iguanas
  6 orc wizards
  11 gnolls
  5 adders
  2 white imps
  2 ufetubi (D:5)
  2 ribbon worms (D:5)
  4 dart slugs
  30 orcs
  8 bats
  7 endoplasms
  4 giant cockroaches
  12 goblins
  9 hobgoblins
  3 jackals (D:4)
  2 quokkas
  13 ball pythons
  4 frilled lizards
  19 kobolds
  6 rats
275 creatures vanquished.

Vanquished Creatures (others)
  A wolf (Gauntlet)
  2 orcs (D:9)
3 creatures vanquished.

Grand Total: 278 creatures vanquished

Notes
Turn   | Place    | Note
-------+----------+-------------------------------------------
     0 | D:1      | Konar the Coglin Hunter began the quest for the Orb.
     0 | D:1      | Reached XP level 1. HP: 16/16 MP: 1/1
   100 | D:1      | Reached skill level 4 in Ranged Weapons
   100 | D:1      | Reached XP level 2. HP: 22/22 MP: 2/2
   341 | D:1      | Reached XP level 3. HP: 27/27 MP: 3/3
   700 | D:2      | Got Sif Muna's Incunabulum of Chemistry and the
                  | Cumulonimbus
   812 | D:2      | Found an opulent altar of Gozag.
  1424 | D:3      | Reached skill level 5 in Ranged Weapons
  1424 | D:3      | Reached XP level 4. HP: 33/33 MP: 4/4
  1879 | D:3      | Reached XP level 5. HP: 38/38 MP: 5/5
  1934 | D:3      | Found Dointay's Book Boutique.
  1984 | D:3      | Found an ornate altar of the Wu Jian Council.
  2583 | D:4      | Reached skill level 6 in Ranged Weapons
  2637 | D:4      | Found a runed translucent door.
  2637 | D:4      | Noticed picklenugget's ghost (amateur OnWr)
  2791 | D:4      | Reached skill level 1 in Shapeshifting
  2791 | D:4      | Reached XP level 6. HP: 44/44 MP: 6/6
  3040 | D:4      | Killed picklenugget's ghost
  3041 | D:4      | Reached XP level 7. HP: 45/50 MP: 7/7
  3213 | D:4      | Noticed Ijyb
  3229 | D:4      | Killed Ijyb
  3359 | D:5      | Entered Level 5 of the Dungeon
  3359 | D:5      | Noticed Duvessa
  3359 | D:5      | Noticed Dowan
  3365 | D:5      | Killed Duvessa
  3367 | D:5      | Killed Dowan
  3430 | D:5      | Reached skill level 7 in Ranged Weapons
  3671 | D:5      | Found a white marble altar of Elyvilon.
  3871 | D:5      | Reached XP level 8. HP: 56/56 MP: 8/8
  4069 | D:6      | Reached skill level 5 in Shapeshifting
  4543 | D:6      | Found a runed translucent door.
  4544 | D:6      | Noticed Crazy Yiuf
  4607 | D:6      | Reached skill level 8 in Ranged Weapons
  4820 | D:7      | Reached XP level 9. HP: 61/61 MP: 9/9
  5146 | D:7      | Found a bloodstained altar of Trog.
  5240 | D:7      | Found a blossoming altar of Fedhas.
  5281 | D:7      | Found a staircase to the Ecumenical Temple.
  5290 | Temple   | Entered the Ecumenical Temple
  5354 | Temple   | Became a worshipper of Warmaster Okawaru
  5446 | D:7      | Found a hide-covered altar of Uskayaw.
  5819 | D:8      | Found a hazy altar of Hepliaklqana.
  5873 | D:8      | Reached skill level 9 in Ranged Weapons
  5873 | D:8      | Reached skill level 1 in Invocations
  5880 | D:8      | Reached * piety under Okawaru
  5976 | D:8      | Found Qapyrurph's Book Shop.
  6124 | D:8      | Reached skill level 10 in Ranged Weapons
  6242 | D:8      | Noticed Maurice
  6253 | D:8      | Killed Maurice
  6254 | D:8      | Reached XP level 10. HP: 67/67 MP: 9/12
  6264 | D:8      | Found a broken altar of Ashenzari.
  6606 | D:9      | Reached ** piety under Okawaru
  6878 | D:9      | Reached skill level 11 in Ranged Weapons
  7009 | D:9      | Found a staircase to the Orcish Mines.
  7019 | D:9      | Reached *** piety under Okawaru
  7043 | D:9      | Found a shimmering altar of Xom.
  7122 | D:9      | Found a stormy altar of Qazlal.
  7122 | D:9      | Found a glowing silver altar of Zin.
  7263 | D:9      | Found a runed translucent door.
  7264 | D:9      | Found a shimmering altar of Xom.
  7264 | D:9      | Noticed Killmatronix's ghost (novice TrMo)
  7265 | D:9      | Noticed a +0 quarterstaff of chaos
  7550 | D:10     | Entered Level 10 of the Dungeon
  7647 | D:10     | Found an ancient bone altar of Kikubaaqudgha.
  7750 | D:10     | Noticed a two-headed ogre
  7756 | D:10     | Killed a two-headed ogre
  7757 | D:10     | Reached skill level 5 in Invocations
  7822 | D:10     | Reached skill level 12 in Ranged Weapons
  7822 | D:10     | Reached XP level 11. HP: 72/72 MP: 13/15
  7875 | D:10     | Reached **** piety under Okawaru
  7971 | D:10     | Found a staircase to the Lair.
  8343 | D:10     | Found a shimmering blue altar of Sif Muna.
  8370 | D:10     | Found a radiant altar of Vehumet.
  8377 | D:10     | Got Vehumet's Octavo of Violence
  8420 | D:10     | Found a sparkling altar of Nemelex Xobeh.
  8550 | D:11     | Noticed a two-headed ogre
  8555 | D:11     | Killed a two-headed ogre
  8838 | D:11     | Noticed Urug
  8845 | D:11     | Killed Urug
  8846 | D:11     | Reached skill level 13 in Ranged Weapons
  8983 | D:11     | Noticed Lodul
  8992 | D:11     | Reached ***** piety under Okawaru
  9227 | D:11     | Killed Lodul
  9463 | D:11     | Found a portal to a secret trove of treasure.
  9466 | D:11     | Noticed a two-headed ogre
  9473 | D:11     | Killed a two-headed ogre
  9570 | D:11     | Noticed a two-headed ogre
  9577 | D:11     | Killed a two-headed ogre
  9608 | D:11     | Received a gift from Okawaru
  9609 | D:11     | Reached XP level 12. HP: 70/78 MP: 17/17
 10152 | D:11     | Reached skill level 14 in Ranged Weapons
 10283 | D:11     | Found a runed translucent gate.
 10285 | D:11     | Found a runed translucent gate.
 10285 | D:11     | Found a runed translucent gate.
 10337 | D:11     | Noticed Harold
 10349 | D:11     | Killed Harold
 10465 | D:11     | Noticed Konar's ghost (journeyman CoHu)
 10678 | Lair:1   | Entered Level 1 of the Lair of Beasts
 10733 | Lair:1   | Found a gate leading to a gauntlet.
 10742 | Gauntlet | Entered a Gauntlet
 10742 | Gauntlet | Found a transporter.
 10783 | Gauntlet | Found a transporter.
 10784 | Gauntlet | Found a transporter.
 10785 | Gauntlet | Found a transporter.
 10792 | Gauntlet | Found a transporter.
 10795 | Gauntlet | Found a transporter.
 10796 | Gauntlet | Found a transporter.
 10804 | Gauntlet | Found a transporter.
 10807 | Gauntlet | Found a transporter.
 10808 | Gauntlet | Found a transporter.
 10810 | Gauntlet | Noticed a blizzard demon
 10816 | Gauntlet | Found a transporter.
 10819 | Gauntlet | Found a transporter.
 10820 | Gauntlet | Found a transporter.
 10829 | Gauntlet | Found a transporter.
 10938 | Gauntlet | Identified the +6 shortbow "Unuuwk" {heavy, Fly Str+3
                  | Dex-2}
 11033 | Gauntlet | HP: 1/78 [wolf simulacrum (10)]
 11034 | Gauntlet | Slain by a wolf simulacrum

Illustrated notes

Levels and vault maps discovered:
D:1:      sevenhm_arrival_forest_fort_small_4, layout_basic
D:2:      layout_loops_corners, basic_altar
D:3:      minmay_razor_zed, layout_basic, marbit_many_paths, serial_shops, shop
D:4:      kennysheep_goblin_castle, layout_rooms,
          hellmonk_ghost_happy_afterlife, uniq_ijyb
D:5:      layout_cave_pools, elyvilon_altar_1, uniq_duvessa
D:6:      layout_rooms, minmay_misc_feat_encased, uniq_crazy_yiuf_cottage
D:7:      layout_rooms, fedhas_altar_3, lemuel_coloured_pillars_altar,
          trog_butcher_becter, temple_doors_cd, serial_glass, glass_columns_b,
          glass_columns_a, glass_columns_a, glass_columns_c, glass_columns_a,
          kennysheep_generic_room_16
D:8:      minmay_the_grid_octo_tiled_squarecenter
          [minmay_the_grid_octo_odd_swirl, minmay_the_grid_octo_tetromino_candy,
          minmay_the_grid_octo_empty, minmay_the_grid_octo_teeth,
          minmay_the_grid_square_5x5_megaprize_crossed,
          minmay_the_grid_square_5x5_inner_i,
          minmay_the_grid_square_5x5_broken_cross,
          minmay_the_grid_square_5x5_two_small,
          minmay_the_grid_square_5x5_lines], layout_loops_ring,
          mainiacjoe_overflow_24_doors, nicolae_hepliaklqana_hazy_memory,
          serial_shops, nicolae_shop_just_a_little_nook, uniq_maurice
D:9:      layout_roguey, xom_redecorated, jmf_multi_god_temple, david_orc_3,
          ebering_ghost_xom
D:10:     layout_long_grid, grunt_temple_overflow_magic_moments,
          kennysheep_mini, lair_entry_dummy
D:11:     layout_basic, enter_trove_2, gammafunk_ghost_necromancy, uniq_harold,
          uniq_urug, uniq_lodul
D:12:     cheibrodos_hippocracy, layout_rooms,
          serial_library_regret_index_split_case
Temple:   hellmonk_temple_beads
Lair:1:   layout_hall_layers, gauntlet_entry_generic
Gauntlet: gammafunk_gauntlet_77_escape_option
          [minmay_gauntlet_arena_77_p_blocks,
          minmay_gauntlet_arena_77_block_sizes, minmay_gauntlet_arena_77_fan,
          minmay_gauntlet_arena_77_hold_the_fort,
          minmay_gauntlet_arena_77_tiled_triplets,
          dreamdust_gauntlet_exit_labyrinth]

Skill      XL: |  1  2  3  4  5  6  7  8  9 10 11 12 |
---------------+-------------------------------------+-----
Ranged Weapons | 4 5 6 7 8 10 12 13 14 | 14.0
Shapeshifting  | 1 2 4 6 7 |  7.0
Invocations    | 3 5 7 8 |  8.9
Fighting       | |  2.0
Dodging        | |  1.7
Stealth        | |  0.7

Action                     |  1- 3 |  4- 6 |  7- 9 | 10-12 || total
---------------------------+-------+-------+-------+-------++-------
   Fire: Sling             |   144 |   246 |   414 |   678 ||  1482
 Invoke: Heroism           |       |       |     1 |     6 ||     7
    Use: Scroll            |     2 |     8 |     6 |     6 ||    22
         Potion            |       |       |     1 |     8 ||     9
 Armour: Leather armour    |       |     3 |       |       ||     3
         Robe              |       |     6 |    68 |    57 ||   131
         Acid dragon scale |       |       |       |    66 ||    66
  Dodge: Dodged            |     4 |    19 |    54 |    87 ||   164
   Form: Beast             |       |     1 |       |       ||     1

Table legend: (Time is in decaauts)
 A = Elapsed time spent in this place.
 B = Non-inter-level travel time spent in this place.
 C = Inter-level travel time spent in this place.
 D = Time resting spent in this place.
 E = Time spent auto-exploring this place.
 F = Levels seen in this place.
 G = Mean time per level.
                   A        B        C        D        E       F      G
               +--------+--------+--------+--------+--------+-----+--------+
         Total |  11187 |   9948 |   1239 |   1068 |   7121 |  15 |  745.8 |
       Dungeon |  10707 |   9594 |   1113 |    972 |   7037 |  12 |  892.2 |
        Temple |    128 |      2 |    126 |      0 |      0 |   1 |  128.0 |
          Lair |     63 |     63 |      0 |     38 |      0 |   1 |   63.0 |
      Gauntlet |    288 |    288 |      0 |     58 |     84 |   1 |  288.0 |
               +--------+--------+--------+--------+--------+-----+--------+

Top non-repeatable levels by time:
    D:11: 2013 daAuts
     D:3: 1097 daAuts
     D:9: 1078 daAuts
    D:10: 1056 daAuts
     D:2: 985 daAuts
     D:6: 886 daAuts
     D:4: 837 daAuts
     D:8: 783 daAuts
     D:7: 765 daAuts
     D:5: 655 daAuts
     D:1: 528 daAuts
Gauntlet: 288 daAuts
  Temple: 128 daAuts
  Lair:1: 63 daAuts
    D:12: 18 daAuts
